 Dungeon Crawl Stone Soup version 0.14-a0-1653-g0ad7a2c (webtiles) character file.

238 4tharraofdagon the Firebug (level 5, -13/28 HPs)
             Began as a Tengu Fire Elementalist on Dec 27, 2013.
             Killed by miscasting Sticky Flame (25 damage)
             ... on Level 5 of the Dungeon.
             The game lasted 00:06:49 (879 turns).

4tharraofdagon the Firebug (Tengu Fire Elementalist) Turns: 879, Time: 00:07:04

HP -13/28        AC  2     Str  8      XL: 5   Next: 57%
MP   0/11        EV 12     Int 15 (16) God:
Gold 61          SH  9     Dex 15      Spells:  3 memorised,  1 level left

rFire  . . .     SeeInvis .     k - +2 orc mace
rCold  . . .     Clarity  .     a - +0 robe
rNeg   . . .     Conserve .     l - +0 dwarf buckler
rPois  .         rCorr    .     (helmet restricted)
rElec  .         rRot     .     (no cloak)
SustAb . .       Spirit   .     (no gloves)
rMut   .         Warding  .     (boots unavailable)
Saprov . . .     Stasis   .     (no amulet)
                                (no ring)
                                (no ring)

@: very slightly contaminated, slightly resistant to hostile enchantments,
fairly stealthy
A: able to fly, beak, talons 3
a: Fly


You were on level 5 of the Dungeon.
You were hungry.

You visited 1 branch of the dungeon, and saw 6 of its levels.

You collected 61 gold pieces.

Inventory:

Hand weapons
 g - a +0,+0 dagger
 k - a +2,+2 orcish mace (weapon)
 m - a +0,+1 dwarven battleaxe
Armour
 a - a +0 robe (worn)
 l - a +0 dwarven buckler (worn)
Comestibles
 c - 2 bread rations
 f - an apple
Scrolls
 d - a scroll of remove curse {unknown}
 h - a scroll of teleportation {unknown}
Potions
 e - a potion of degeneration
Books
 b - a book of Flames

   Spells                             Type                      Level
   *Flame Tongue                      Conjuration/Fire             1
   Throw Flame                        Conjuration/Fire             2
   *Conjure Flame                     Conjuration/Fire             3
   Inner Flame                        Hexes/Fire                   3
   *Sticky Flame                      Conjuration/Fire             4
   Fireball                           Conjuration/Fire             5


   Skills:
 - Level 2.1 Dodging
 - Level 2.0 Stealth
 * Level 2.1 Shields
 + Level 2.6 Spellcasting
 * Level 4.3 Conjurations
 * Level 4.3 Fire Magic


You had one spell level left.
You knew the following spells:

 Your Spells              Type           Power        Failure   Level  Hunger
a - Flame Tongue          Conj/Fire      ###..        3%          1    #......
b - Conjure Flame         Conj/Fire      ###.....     12%         3    ###....
c - Sticky Flame          Conj/Fire      ###.....     34%         4    #####..


Dungeon Overview and Level Annotations

Branches:
Dungeon (6/16)
 Temple: D:4-7

Altars:


Innate Abilities, Weirdness & Mutations

You can fly.
You have a beak for a mouth.
You have claws for feet.


Message History

Press: ? - help, Shift-Dir - straight line, f - goliath beetle
Aim: a goliath beetle (flame)
You miscast Sticky Flame.
You are very lightly contaminated with residual magic.
You smell smoke.
You are feeling hungry.
The goliath beetle is engulfed in roaring flames.
Your magical contamination has completely faded away.
Casting: Sticky Flame
Confirm with . or Enter, or press ? or * to list all spells.
Aiming: Sticky Flame
Press: ? - help, Shift-Dir - straight line, f/p - goliath beetle
Aim: a goliath beetle (moderately wounded)
You miscast Sticky Flame.
You are very lightly contaminated with residual magic.
You are caught in a fiery explosion!
The explosion engulfs you!
Your scroll labeled KIYNUO CRUKUO catches fire!
Your scroll labeled NEILLIPOHI catches fire!
Ouch! That really hurt!
You die...

.........#####[# .#
...............# B#
##.s..........# .#
..............# .#
..............# .#
.............#########.#
...........>...B......#
...........####.######
.........@####.#
...(.....B....#
.........####.#
.........# #.# ..#####.#
#.# .. #.# #.# #.# #.#
#.# #.# #.. #.#


You could see a goliath beetle.

Vanquished Creatures
  A centaur (D:5)
  A hound (D:5)
  2 hound skeletons
  2 adders
  2 giant geckos
  A ball python (D:1)
  5 bats
  A giant cockroach (D:2)
  A kobold (D:1)
  2 giant newts
  4 goblins
  4 rats
26 creatures vanquished.

Notes
Turn   | Place    | Note
--------------------------------------------------------------
     0 | D:1      | 4tharraofdagon, the Tengu Fire Elementalist, began the quest for the Orb.
     0 | D:1      | Reached XP level 1. HP: 10/10 MP: 3/3
   130 | D:1      | Reached XP level 2. HP: 10/15 MP: 1/5
   430 | D:3      | Reached XP level 3. HP: 8/19 MP: 1/7
   469 | D:3      | Learned a level 3 spell: Conjure Flame
   482 | D:3      | Paralysed by a potion of paralysis for 5 turns
   720 | D:5      | Entered Level 5 of the Dungeon
   731 | D:5      | Noticed a centaur
   740 | D:5      | Killed a centaur
   740 | D:5      | Reached skill level 4 in Conjurations
   740 | D:5      | Reached XP level 4. HP: 10/24 MP: 3/9
   740 | D:5      | Reached XP level 5. HP: 11/28 MP: 3/11
   782 | D:5      | Learned a level 4 spell: Sticky Flame
   820 | D:6      | Noticed a centaur
   879 | D:5      | Killed by miscasting Sticky Flame

Action                   |  1- 3 |  4- 6 || total
-------------------------+-------+-------++-------
Melee: Unarmed           |    29 |       ||    29
       Mace              |     5 |     7 ||    12
       Dagger            |     3 |       ||     3
 Cast: Flame Tongue      |    36 |     6 ||    42
       Conjure Flame     |       |     1 ||     1
  Use: Potion            |     4 |       ||     4
       Scroll            |     1 |       ||     1
 Stab: Sleeping          |     1 |       ||     1
